 Dungeon Crawl Stone Soup version 0.30-a0-802-gb92711bcdf (webtiles) character file.

Game seed: 3904733225735155681

1962 cforsyth the Covert (level 9, 0/56 HPs)
             Began as a Kobold Brigand on Feb 24, 2023.
             Was an Initiate of Hepliaklqana.
             Slain by Pikel
             ... wielding a +2 whip of flaming
              (3 damage)
             ... on level 7 of the Dungeon.
             The game lasted 00:11:58 (7523 turns).

cforsyth the Covert (Kobold Brigand)                Turns: 7523, Time: 00:11:58

Health: 0/56       AC: 10    Str:  8    XL:     9   Next: 42%
Magic:  9/9        EV: 18    Int: 13    God:    Hepliaklqana [......]
Gold:   391        SH:  0    Dex: 20    Spells: 8/8 levels left

rFire   . . .      SeeInvis .    a - +4 dagger
rCold   + . .      Faith    .    (no shield)
rNeg    . . .      Spirit   .    p - +0 leather armour
rPois   .          Reflect  .    s - +0 helmet
rElec   .          Harm     .    c - +0 cloak
rCorr   .          Rampage  .    u - +0 pair of gloves
Will    .....                    (no boots)
Stlth   +++++                    A - amulet of magic regeneration
HPRegen 0.29/turn                m - ring of protection from cold
MPRegen 0.51/turn                D - +4 ring of protection

@: no status effects
A: small, no large weapons, nightstalker 3
a: Renounce Religion


You were on level 7 of the Dungeon.
You worshipped Hepliaklqana.
Hepliaklqana was noncommittal.
You visited 2 branches of the dungeon, and saw 8 of its levels.

You collected 391 gold pieces.

Inventory:

Hand Weapons
 a - a +4 dagger (weapon)
Missiles
 d - 27 poisoned darts (quivered)
 e - 3 curare-tipped darts
 y - 3 throwing nets
Armour
 b - a +0 robe
 c - a +0 cloak (worn)
 p - a +0 leather armour (worn)
 s - a +0 helmet (worn)
 u - a +0 pair of gloves (worn)
Jewellery
 m - a ring of protection from cold (left hand)
 A - an amulet of magic regeneration (around neck)
 D - a +4 ring of protection (right hand)
Wands
 n - a wand of paralysis (8)
 r - a wand of mindburst (9)
 F - a wand of polymorph (10)
Scrolls
 f - a scroll of butterflies {unknown}
 i - 2 scrolls of teleportation
 o - 2 scrolls of poison {unknown}
 t - 2 scrolls of blinking {unknown}
 w - 2 scrolls of immolation {unknown}
 x - a scroll of fog {unknown}
 z - a scroll of magic mapping {unknown}
 E - a scroll of identify
Potions
 g - 3 potions of flight
 h - 2 potions of attraction {unknown}
 j - a potion of invisibility {unknown}
 k - 5 potions of curing
 l - a potion of berserk rage {unknown}
 q - 2 potions of brilliance
 v - 3 potions of might
 B - a potion of heal wounds
 C - a potion of haste


   Skills:
 + Level 6.7 Fighting
 + Level 8.1 Short Blades
 - Level 2.1 Throwing
 + Level 7.0 Dodging
 + Level 10.0 Stealth


You had 8 spell levels left.
You didn't know any spells.
Your spell library contained the following spells:

 Spells                   Type           Power      Damage    Failure   Level
 Apportation              Tloc           0%         N/A       41%         1
 Necrotise                Necr           0%         1d4       41%         1
 Summon Small Mammal      Summ           0%         N/A       41%         1
 Blink                    Tloc           0%         N/A       56%         2
 Lesser Beckoning         Tloc           0%         N/A       56%         2
 Momentum Strike          Conj/Tloc      0%         3d8       56%         2
 Scorch                   Fire           0%         2d5       56%         2
 Sublimation of Blood     Necr           0%         N/A       56%         2
 Wereblood                Tmut           0%         N/A       56%         2
 Flame Wave               Conj/Fire      0%         2d4       99%         4
 Alistair's Intoxication  Tmut/Pois      0%         N/A       100%        5
 Summon Cactus Giant      Summ           0%         N/A       100%        6
 Summon Hydra             Summ           0%         N/A       100%        7


Dungeon Overview and Level Annotations

Branches:
Dungeon (7/15)             Temple (1/1) D:7

Altars:
Cheibriados
Dithmenos
Fedhas
Hepliaklqana
Kikubaaqudgha
Okawaru
Qazlal
Ru
Sif Muna
Trog
Uskayaw
Vehumet
Wu Jian
Xom
Zin
The Shining One

Annotations:
D:7 Pikel


Innate Abilities, Weirdness & Mutations

You are small and have problems with some larger weapons.
You are completely attuned to the shadows.


Message History

The lemure hits you.
You puncture Pikel!
Pikel is heavily wounded.
You hit Pikel but do no damage.
Pikel is heavily wounded.
Pikel says, "All the demons know me.
They respect me."
Pikel closely misses you. The lemure misses you. The lemure closely misses you.
The lemure hits you. The lemure closely misses you.
You are too injured to fight recklessly!
You are too injured to fight recklessly!
You are too injured to fight recklessly!
You are too injured to fight recklessly!
You are too injured to fight recklessly!
You are too injured to fight recklessly!
You are too injured to fight recklessly!
You are too injured to fight recklessly!
You are too injured to fight recklessly!
You are too injured to fight recklessly!
You completely miss Pikel.
Pikel is heavily wounded.
You hit Pikel but do no damage.
Pikel is heavily wounded.
Pikel misses you. The lemure barely misses you. The lemure hits you!
The lemure hits you but does no damage. x2
You hit Pikel but do no damage.
Pikel is heavily wounded.
Pikel hits you but does no damage. The lemure completely misses you.
The lemure closely misses you. The lemure hits you.
* * * LOW HITPOINT WARNING * * *
The lemure barely misses you. The lemure attacks as you move away!
The lemure hits you.
* * * LOW HITPOINT WARNING * * *
Found an escape hatch in the ceiling.
The lemure attacks as you move away! The lemure hits you.
* * * LOW HITPOINT WARNING * * *
Pikel attacks as you move away!
Pikel hits you with a +2 whip of flaming!
* * * LOW HITPOINT WARNING * * *
Pikel burns you.
You die...

# ## .# .# ......#
.# .....# .#
######....# (#
....#+####...##....#
.#
.........#...5.....#
.#
.........#.<@K55...#
.#
.........#...5.....#
## #....###..###...#
########..[.######
#+###
...............
...............
...............
.##.(.##.†.....
.##...##.######


You could see Pikel and 4 lemures.

Vanquished Creatures
  A wyvern (D:7)
  Edmund (D:4)
  A water moccasin (D:5)
  3 ice beasts
  A black bear (D:4)
  A phantom (D:7)
  2 necrophages
  2 bullfrogs (D:7)
  4 scorpions
  2 vampire bats (D:6)
  2 jellies
  2 hounds
  2 orc priests
  Ijyb (D:3)
  Jessica (D:2)
  3 iguanas
  12 gnolls
  6 adders
  A shadow imp (D:6)
  3 white imps
  An ufetubus (D:5)
  3 worms
  13 orcs
  2 bats (D:1)
  3 bat skeletons (D:6)
  2 bat zombies (D:6)
  9 endoplasms
  3 giant cockroaches
  9 goblins
  4 hobgoblins
  2 jackals (D:1)
  6 kobolds
  2 quokkas
  8 ball pythons
  5 frilled lizards
  4 rats
127 creatures vanquished.

Vanquished Creatures (others)
  Sigmund (D:5)
  A hound (D:5)
  2 adders (D:5)
  An orc (D:5)
  3 fungi (D:4)
8 creatures vanquished.

Grand Total: 135 creatures vanquished

Notes
Turn   | Place    | Note
-------+----------+-------------------------------------------
     0 | D:1      | cforsyth the Kobold Brigand began the quest for the Orb.
     0 | D:1      | Reached XP level 1. HP: 12/12 MP: 1/1
   118 | D:1      | Reached XP level 2. HP: 18/18 MP: 2/2
   375 | D:1      | Found a faded altar of an unknown god.
   630 | D:1      | Reached XP level 3. HP: 22/22 MP: 3/3
  1349 | D:2      | Noticed Jessica
  1353 | D:2      | Killed Jessica
  1354 | D:2      | Reached skill level 6 in Stealth
  1354 | D:2      | Reached XP level 4. HP: 28/28 MP: 4/4
  2099 | D:3      | Found a snail-covered altar of Cheibriados.
  2192 | D:3      | Found a sacrificial altar of Ru.
  2492 | D:3      | Found an ornate altar of the Wu Jian Council.
  2498 | D:3      | Noticed Ijyb
  2501 | D:3      | Paralysed by Ijyb for 2 turns
  2521 | D:3      | Killed Ijyb
  2522 | D:3      | Reached XP level 5. HP: 10/32 MP: 5/5
  3105 | D:4      | Noticed a black bear
  3117 | D:4      | Killed a black bear
  3118 | D:4      | Reached XP level 6. HP: 9/38 MP: 6/6
  3430 | D:4      | Noticed Edmund
  3461 | D:4      | Killed Edmund
  3462 | D:4      | Reached skill level 5 in Short Blades
  3462 | D:4      | Reached skill level 7 in Stealth
  3462 | D:4      | Reached XP level 7. HP: 8/43 MP: 7/7
  4237 | D:4      | Found an iron altar of Okawaru.
  4347 | D:5      | Entered Level 5 of the Dungeon
  4400 | D:5      | Found a radiant altar of Vehumet.
  5609 | D:5      | Reached XP level 8. HP: 48/48 MP: 8/8
  5638 | D:5      | Found a shimmering altar of Xom.
  5659 | D:5      | Reached skill level 5 in Fighting
  5659 | D:5      | Reached skill level 5 in Dodging
  5659 | D:5      | Reached skill level 8 in Stealth
  5662 | D:5      | Killed Sigmund
  6473 | D:6      | Found a hide-covered altar of Uskayaw.
  6541 | D:6      | Reached skill level 9 in Stealth
  6570 | D:6      | Reached XP level 9. HP: 55/55 MP: 9/9
  6607 | D:6      | Found an ancient bone altar of Kikubaaqudgha.
  6806 | D:6      | Found a hazy altar of Hepliaklqana.
  6890 | D:6      | Became a worshipper of Hepliaklqana the Forgotten
  7152 | D:7      | Found a staircase to the Ecumenical Temple.
  7195 | Temple   | Entered the Ecumenical Temple
  7198 | Temple   | Found a transporter.
  7198 | Temple   | Found a transporter.
  7200 | Temple   | Found a transporter.
  7200 | Temple   | Found a transporter.
  7321 | D:7      | Reached skill level 10 in Stealth
  7503 | D:7      | Noticed Pikel
  7523 | D:7      | Slain by Pikel

Illustrated notes

Levels and vault maps discovered:
D:1:      dpeg_arrival_pits, layout_basic, dreamdust_ecumenical_altar_statues
D:2:      layout_basic, serial_rivers, chequers_serial_rivers_small_b,
          chequers_serial_rivers_micro_c, chequers_serial_rivers_room_b,
          chequers_serial_rivers_room_a, uniq_jessica
D:3:      layout_loops_cross, nzn_wu_jian_contemplation, marbit_many_paths,
          mainiacjoe_overflow_small_starburst, uniq_ijyb
D:4:      layout_cave_pools, okawaru_ov_weapons_minmay, serial_column_ruins,
          column_ruins_columns_plus, column_ruins_open_large,
          column_ruins_columns_water, column_ruins_open_small,
          column_ruins_grid_2, dreamdust_mushroom_princess, uniq_edmund
D:5:      layout_basic, fiery_altar_vehumet, xom_confusion_cloud, uniq_sigmund
D:6:      layout_rooms, kennysheep_vampire_church,
          worldfamousw_hep_ancestral_shrine, mainiacjoe_overflow_24_doors
D:7:      layout_gridville, minmay_temple_entry_stoned_glass, uniq_pikel,
          uniq_crazy_yiuf_cottage, uniq_joseph
Temple:   hellmonk_temple_divided_pantheon

Skill      XL: |  1  2  3  4  5  6  7  8  9 |
---------------+----------------------------+-----
Short Blades   | 3 4 5 7 8 |  8.1
Dodging        | 2 3 4 6 7 |  7.0
Fighting       | 3 4 6 |  6.7
Stealth        | 6 7 9 10 | 10.0
Throwing       | |  2.1

Action                     |  1- 3 |  4- 6 |  7- 9 || total
---------------------------+-------+-------+-------++-------
  Melee: Dagger            |    57 |   125 |   325 ||   507
         Punch             |       |       |     5 ||     5
  Throw: Dart              |       |       |    10 ||    10
    Use: Scroll            |       |     2 |     1 ||     3
         Potion            |       |     2 |     2 ||     4
   Stab: Sleeping          |    18 |    14 |    16 ||    48
         Distracted        |       |       |     2 ||     2
 Armour: Robe              |     6 |    17 |       ||    23
         Leather armour    |       |       |    56 ||    56
  Dodge: Dodged            |    27 |    52 |   235 ||   314

Table legend: (Time is in decaauts)
 A = Elapsed time spent in this place.
 B = Non-inter-level travel time spent in this place.
 C = Inter-level travel time spent in this place.
 D = Time resting spent in this place.
 E = Time spent auto-exploring this place.
 F = Levels seen in this place.
 G = Mean time per level.
                   A        B        C        D        E       F      G
               +--------+--------+--------+--------+--------+-----+--------+
         Total |   7370 |   7079 |    291 |   1235 |   4732 |   8 |  921.2 |
       Dungeon |   7293 |   7012 |    281 |   1235 |   4698 |   7 | 1041.9 |
        Temple |     76 |     66 |     10 |      0 |     34 |   1 |   76.0 |
               +--------+--------+--------+--------+--------+-----+--------+

Top non-repeatable levels by time:
     D:5: 1556 daAuts
     D:4: 1553 daAuts
     D:3: 1273 daAuts
     D:2: 962 daAuts
     D:1: 836 daAuts
     D:6: 610 daAuts
     D:7: 499 daAuts
  Temple: 76 daAuts
